 Dungeon Crawl Stone Soup version 0.28-a0-1159-g27aa881441 (webtiles) character file.

Game seed: 18046993808010472276

222053 kuyyie the Peltast (level 18, -28/176 HPs)
             Began as a Minotaur Fighter on Dec 15, 2021.
             Was the Champion of Dithmenos.
             Annihilated by a merfolk impaler (31 damage)
             ... on level 3 of the Shoals.
             The game lasted 02:23:00 (34048 turns).

kuyyie the Peltast (Minotaur Fighter)              Turns: 34048, Time: 02:23:00

Health: -28/176    AC: 36    Str: 35    XL:     18   Next: 52%
Magic:  25/25      EV: 13    Int:  5    God:    Dithmenos [******]
Gold:   423        SH: 17    Dex: 11    Spells: 17/17 levels left

rFire   + + .      SeeInvis .   a - +3 broad axe (protect)
rCold   + + .      Faith    .   v - +2 kite shield {rC+ rF+}
rNeg    . . .      Spirit   .   x - +5 ring mail of Toribiss {Will+ Str+4}
rPois   .          Reflect  .   R - +1 hat
rElec   .          Harm     .   o - scarf {rC+ rF+}
rCorr   .          Rampage  .   B - +1 pair of gloves {Str+3}
Will    +++..                   Y - +2 pair of boots
Stlth   +.........              (no amulet)
HPRegen 0.39/turn               I - ring of willpower
MPRegen 0.19/turn               f - ring of the Tortoise {AC+8}

@: mighty, lethally poisoned (-28 -> -73), under a protective aura, wreathed by
umbra
A: horns 2, retaliatory headbutt
}: 1/15 runes: gossamer
a: Renounce Religion, Shadow Step, Shadow Form


You were on level 3 of the Shoals.
You worshipped Dithmenos.
Dithmenos was exalted by your worship.
You visited 6 branches of the dungeon, and saw 31 of its levels.
You visited the Abyss 1 time.
You also visited: Volcano.

You collected 2955 gold pieces.
You spent 2532 gold pieces at shops.

Inventory:

Hand Weapons
 a - a +3 broad axe of protection (weapon)
 b - the +7 hunting sling of Vadiviwo {venom, rN++}
   (You found it on level 13 of the Dungeon)

   Any ammunition fired from it poisons the flesh of those it strikes.
   rN:        It greatly protects you from negative energy.
 V - a +2 war axe of flaming
Missiles
 e - 3 throwing nets
 h - 1101 stones (quivered)
 m - 298 sling bullets
Armour
 o - a scarf of resistance (worn)
 u - a +0 tower shield
 v - a +2 kite shield of resistance (worn)
 x - the +5 ring mail of Toribiss (worn) {Will+ Str+4}
   (You found it on level 10 of the Dungeon)

   Str:       It affects your strength (+4).
   Will:      It increases your willpower.
 B - a +1 pair of gloves of strength (worn)
 R - a +1 hat (worn)
 W - a +3 plate armour of fire resistance
 Y - a +2 pair of boots (worn)
Jewellery
 c - a +6 ring of intelligence
 f - the ring of the Tortoise (right hand) {AC+8}
   (You acquired it on level 5 of the Dungeon)

   [ring of protection]

   AC:        It affects your AC (+8).
 s - a ring of resist corrosion
 t - a ring of protection from cold
 D - an amulet of reflection
 I - a ring of willpower (left hand)
 K - the amulet of Werhocext {Regen+ SInv}
   (You bought it in a shop on level 10 of the Dungeon)

   [amulet of regeneration]

   SInv:      It lets you see invisible.
   Regen:     It increases your rate of health regeneration.
 O - a +6 ring of strength
 S - a ring of see invisible
 U - a ring of poison resistance
 Z - a +4 ring of evasion
Wands
 r - a wand of charming (4)
 y - a wand of acid (13)
 F - a wand of digging (18)
 G - a wand of mindburst (16)
 T - a wand of paralysis (10)
Scrolls
 d - 3 scrolls of magic mapping
 i - a scroll of amnesia
 k - 4 scrolls of fear
 q - 17 scrolls of teleportation
 w - 7 scrolls of enchant weapon
 A - 4 scrolls of enchant armour
 C - a scroll of silence
 E - a scroll of blinking
 L - 7 scrolls of fog
 M - 4 scrolls of summoning
 N - 8 scrolls of identify
Potions
 g - a potion of heal wounds
 j - 12 potions of ambrosia
 l - 5 potions of curing
 n - 7 potions of berserk rage
 p - 5 potions of might
 z - 6 potions of haste
 H - 4 potions of mutation
 J - 3 potions of attraction
 P - 3 potions of flight
 Q - a potion of resistance
 X - 2 potions of lignification


   Skills:
 + Level 19.4 Fighting
 - Level 18.0 Axes
 - Level 12.0 Slings
 + Level 18.2 Armour
 - Level 6.0 Dodging
 + Level 20.7 Shields
 + Level 11.2 Invocations


You had 17 spell levels left.
You didn't know any spells.
Your spell library contained the following spells:

 Spells                   Type           Power      Damage    Failure   Level
 Apportation              Tloc           0%         N/A       54%         1
 Foxfire                  Conj/Fire      0%         2x1d4     54%         1
 Magic Dart               Conj           0%         1d3       54%         1
 Pain                     Necr           0%         1d4       54%         1
 Searing Ray              Conj           0%         2d4       67%         2
 Conjure Flame            Conj/Fire      0%         6-21      88%         3
 Ignite Poison            Fire/Tmut/Pois 0%         N/A       88%         3
 Inner Flame              Hex/Fire       0%         N/A       88%         3
 Portal Projectile        Hex/Tloc       0%         N/A       88%         3
 Flame Wave               Conj/Fire      0%         2d4       99%         4
 Fulminant Prism          Conj/Hex       0%         3d6       99%         4
 Sticky Flame             Conj/Fire      0%         2d3       99%         4
 Agony                    Necr           0%         N/A       100%        5
 Alistair's Intoxication  Tmut/Pois      0%         N/A       100%        5
 Blade Hands              Tmut           0%         N/A       100%        5
 Excruciating Wounds      Necr           0%         N/A       100%        5
 Fireball                 Conj/Fire      0%         3d3       100%        5
 Conjure Ball Lightning   Conj/Air       0%         3x3d6     100%        6
 Starburst                Conj/Fire      0%         6d3       100%        6
 Malign Gateway           Summ/Tloc      0%         N/A       100%        7
 Discord                  Hex            0%         N/A       100%        8
 Disjunction              Tloc           0%         N/A       100%        8
 Ignition                 Fire           0%         3d3       100%        8
 Summon Horrible Things   Summ           0%         N/A       100%        8


Dungeon Overview and Level Annotations

Branches:
Dungeon (15/15)            Temple (1/1) D:4            Lair (6/6) D:10
 Shoals (3/4) Lair:2       Spider (4/4) Lair:4        Slime (0/5) Lair:6
    Orc (2/2) D:10            Elf (0/3) Orc:2        Vaults (0/5) D:13
 Depths (0/4) D:15        Volcano (visited)

Altars:
Ashenzari
Cheibriados
Dithmenos
Elyvilon
Fedhas
Gozag
Hepliaklqana
Kikubaaqudgha
Makhleb
Nemelex Xobeh
Okawaru
Qazlal
Ru
Sif Muna
Trog
Uskayaw
Vehumet
Wu Jian
Xom
Yredelemnul
Zin
The Shining One
Beogh
Jiyva

Shops:
D:10 =   D:11 ?   Orc:1 (   Orc:2 ?*([

Portals:
Trove: D:12 (show abyssal rune of Zot)

Annotations:
D:3 2 runed translucent doors, Cancer's ghost, weakling GrCj; Crazy Yiuf
D:6 2 runed translucent doors, leviel's ghost, novice HOFi
D:10 1 runed translucent door, tatocazan's ghost, novice MiFi
Lair:6 1 runed translucent door
Shoals:1 Roxanne


Innate Abilities, Weirdness & Mutations

You have a pair of horns on your head.
You reflexively headbutt those who attack you in melee.


Message History

The merfolk impaler hits you but does no damage.
You barely miss the merfolk impaler.
Your headbutt misses the merfolk impaler.
The merfolk impaler is severely wounded.
Your shadow completely misses the merfolk impaler.
You feel very sick. You block the merfolk impaler's attack.
You block the merfolk's attack.
The merfolk impaler hits you with a +2 trident of venom!
* * * LOW HITPOINT WARNING * * *
You are lethally poisoned!
You closely miss the merfolk impaler.
The merfolk impaler is severely wounded.
* * * LOW HITPOINT WARNING * * *
You feel extremely sick.
The merfolk impaler completely misses you.
The merfolk hits you from afar with a +0 trident!
* * * LOW HITPOINT WARNING * * *
You feel much better.
* * * LOW HITPOINT WARNING * * *
You feel extremely sick.
The merfolk impaler hits you with a +2 trident of venom!
* * * LOW HITPOINT WARNING * * *
You emit a cloud of dark smoke.
You are more poisoned.
You block the merfolk's attack.
You feel very mighty all of a sudden.
* * * LOW HITPOINT WARNING * * *
You feel extremely sick. You block the merfolk impaler's attack.
The merfolk impaler hits you but does no damage.
You are more poisoned.
The merfolk hits you but does no damage.
You slash the merfolk impaler!
Your weapon exudes an aura of protection.
Your headbutt misses the merfolk impaler.
The merfolk impaler is severely wounded.
* * * LOW HITPOINT WARNING * * *
You feel extremely sick.
The merfolk impaler hits you with a +2 trident of venom!!
You die...

≈≈≈≈.#....#..# ≈≈≈≈
≈≈≈≈≈#####†..+ ≈≈≈≈.
≈≈≈≈≈.♣......######≈≈...
≈≈≈≈≈≈.♣......(....≈≈≈..
≈≈≈≈≈≈####+#...♣.§.)(≈..
≈≈≈≈.## #....†§(.≈≈..
≈≈≈≈.## #.♣)8§♣.P≈≈..
≈≈≈≈≈.# #..(§§§§.≈≈.P
≈≈≈≈≈≈# #..(♣@§§.≈≈≈.
≈≈≈≈≈≈#### #..§§§m§≈$≈≈≈
≈≈≈≈≈≈≈..# ##PP§m§§≈≈≈≈P
≈≈≈≈≈≈≈.## #P.(P≈P≈P≈≈≈
≈≈≈≈≈≈..# #...≈≈≈P≈≈≈≈
≈≈......## #..(≈P≈≈P...
.≈≈≈.....# #..(P≈≈P....
...)...##..#...≈≈≈≈.P...
#)....## ##.P.


You could see a merfolk impaler (strong) and a merfolk.

Vanquished Creatures
  Arachne (Spider:4)
  Jorgrun (D:15)
  A lich (Abyss:2)
  A tentacled starspawn (Abyss:2)
  Kirke (Spider:4)
  Gastronok (Lair:2)
  Ilsuiw (Shoals:2)
  4 ghost moths
  7 emperor scorpions
  A balrug (Abyss:2)
  4 entropy weavers
  Azrael (D:14)
  A dire elephant (D:15)
  3 spark wasps
  Snorg (Orc:2)
  A fire dragon (Lair:6)
  3 merfolk javelineers
  9 merfolk impalers
  Harold (D:10)
  A rakshasa (D:14)
  An alligator snapping turtle (Shoals:2)
  4 boulder beetles
  Erolcha (Orc:2)
  2 ice dragons
  4 vault guards (D:13)
  15 hydras
  3 death knights
  An ogre mage (D:13)
  A merfolk avatar (Shoals:2)
  2 catoblepae
  10 centaur warriors
  A merfolk aquamancer (Shoals:2)
  9 two-headed ogres
  A satyr (Shoals:2)
  Urug (Orc:2)
  2 tengu warriors
  2 sun demons (Abyss:2)
  A thrashing horror (Abyss:2)
  A deep elf knight (D:13)
  2 wretched stars (Abyss:2)
  7 sea snakes
  A sixfirhy (Abyss:2)
  A shadow demon (Abyss:2)
  2 wizards
  A lindwurm (Lair:6)
  A deep elf archer (D:14)
  A harpy (shapeshifter) (D:13)
  2 large abominations (Abyss:2)
  3 phantasmal warriors (D:15)
  20 orb spiders
  3 harpies (Shoals:1)
  7 orc knights
  14 ugly things
  12 cyclopes
  38 wolf spiders
  A deep elf pyromancer (D:13)
  An orc sorcerer (Orc:1)
  14 manticores
  A worldbinder (Abyss:2)
  A salamander (D:15)
  10 fauns (Shoals:2)
  6 merfolk sirens
  21 elephants
  3 molten gargoyles
  8 black mambas
  An apocalypse crab (Abyss:2)
  A torpor snail (Spider:2)
  3 water nymphs
  7 cane toads
  3 gargoyles
  Maggie (D:7)
  2 unseen horrors
  4 kobold demonologists
  11 komodo dragons
  A komodo dragon (shapeshifter) (D:13)
  An efreet (D:12)
  3 rime drakes
  7 tengu conjurers
  An ancient zyme (Abyss:2)
  7 freezing wraiths
  2 polar bears
  A guardian mummy (D:12)
  A queen bee (Lair:3)
  19 demonic crawlers
  35 jumping spiders
  24 merfolk
  8 wind drakes
  11 hornets
  8 trolls
  3 slime creatures
  13 dream sheep
  4 snapping turtles
  28 blink frogs
  A tarantella (shapeshifter) (D:13)
  63 redbacks
  33 tarantellas
  A wyvern (Lair:6)
  6 wraiths
  6 fire elementals
  70 yaks
  2 humans (D:13)
  7 water elementals
  11 basilisks
  3 small abominations (Abyss:2)
  A chaos spawn (Abyss:2)
  2 hogs (Spider:4)
  7 vampire mosquitoes
  2 steam dragons (Lair:6)
  7 wargs
  3 acid dragons
  5 hell hounds
  20 water moccasins
  2 sky beasts
  An ice beast (D:8)
  37 orc warriors
  2 black bears
  A sky beast (shapeshifter) (D:13)
  An ogre (D:5)
  21 wolves
  A necrophage (D:8)
  11 centaurs
  A kobold brigand (D:7)
  A gnoll sergeant (D:13)
  14 bullfrogs
  4 scorpions
  A water moccasin zombie (D:3)
  A water moccasin skeleton (D:6)
  29 killer bees
  4 howler monkeys
  2 electric eels (Lair:4)
  5 lava snakes (Lair:6)
  2 centaur zombies
  A hound (D:6)
  5 jellies
  4 starcursed masses (Abyss:2)
  A gnoll shaman (D:10)
  16 orc priests
  2 bullfrog skeletons
  3 centaur skeletons
  Jessica (D:3)
  4 iguanas
  17 orc wizards
  17 hell rats
  2 killer bee zombies
  2 hound zombies (D:5)
  2 howler monkey zombies
  Robin (D:3)
  12 gnolls
  5 adders
  A shadow imp (D:6)
  2 white imps
  2 ufetubi
  3 worms
  3 dart slugs
  75 orcs
  8 endoplasms
  2 giant cockroaches
  17 goblins
  7 hobgoblins
  6 quokkas
  6 ball pythons
  A ball python skeleton (D:3)
  7 bats
  4 frilled lizards
  13 kobolds
  3 rats
  A lurking horror (Abyss:2)
  A starspawn tentacle (Abyss:2)
1145 creatures vanquished.

Vanquished Creatures (others)
  A jumping spider (Spider:2)
  4 humans (Spider:4)
  An orc (D:7)
  22 fungi
  93 plants
  5 starspawn tentacles (Abyss:2)
126 creatures vanquished.

Grand Total: 1271 creatures vanquished

Notes
Turn   | Place    | Note
-------+----------+-------------------------------------------
     0 | D:1      | kuyyie the Minotaur Fighter began the quest for the Orb.
     0 | D:1      | Reached XP level 1. HP: 19/19 MP: 0/0
   235 | D:1      | Reached XP level 2. HP: 22/27 MP: 1/1
   382 | D:1      | Reached skill level 1 in Dodging
  1055 | D:2      | Reached XP level 3. HP: 33/33 MP: 2/2
  1476 | D:3      | Found a runed translucent door.
  1483 | D:3      | Noticed Robin
  1509 | D:3      | Killed Robin
  1510 | D:3      | Reached XP level 4. HP: 19/41 MP: 3/3
  1554 | D:3      | Noticed a bullfrog
  1678 | D:3      | Noticed Cancer's ghost (weakling GrCj)
  2091 | D:3      | Reached skill level 5 in Fighting
  2286 | D:3      | Noticed a sky beast
  2298 | D:3      | Reached XP level 5. HP: 39/48 MP: 4/4
  2301 | D:3      | Killed a sky beast
  2314 | D:3      | Reached XP level 6. HP: 25/56 MP: 5/5
  2747 | D:3      | Found a faded altar of an unknown god.
  2867 | D:3      | Found a runed translucent door.
  2868 | D:3      | Noticed Crazy Yiuf
  2941 | D:3      | Reached skill level 5 in Axes
  3003 | D:3      | Noticed Jessica
  3007 | D:3      | Killed Jessica
  3008 | D:3      | Reached skill level 1 in Slings
  3643 | D:4      | Found a staircase to the Ecumenical Temple.
  3655 | Temple   | Entered the Ecumenical Temple
  3883 | Temple   | Became a worshipper of Dithmenos the Shadowed
  3926 | D:5      | Entered Level 5 of the Dungeon
  3957 | D:5      | Identified a scroll of acquirement
  3957 | D:5      | Acquired the ring of the Tortoise {AC+8}
  3957 | D:5      | Found the ring of the Tortoise {AC+8}
  4095 | D:5      | Reached XP level 7. HP: 63/63 MP: 6/6
  4154 | D:5      | Found a stormy altar of Qazlal.
  4428 | D:5      | Found a broken altar of Ashenzari.
  5021 | D:6      | Noticed leviel's ghost (novice HOFi)
  5021 | D:6      | Found a large runed translucent door.
  5021 | D:6      | Found a large runed translucent door.
  5032 | D:6      | Reached skill level 5 in Dodging
  5085 | D:6      | Reached XP level 8. HP: 73/73 MP: 7/7
  5479 | D:6      | Found an iron altar of Okawaru.
  5591 | D:6      | Found a shimmering altar of Xom.
  5602 | D:6      | Reached * piety under Dithmenos
  5877 | D:6      | Reached skill level 5 in Slings
  6392 | D:7      | Reached skill level 4 in Shields
  6392 | D:7      | Reached XP level 9. HP: 77/81 MP: 8/8
  6408 | D:7      | Found a basalt altar of Yredelemnul.
  6893 | D:7      | Noticed Maggie
  6918 | D:7      | Killed Maggie
  7204 | D:7      | Reached ** piety under Dithmenos
  7207 | D:7      | Reached skill level 5 in Armour
  7230 | D:7      | Reached skill level 5 in Shields
  7606 | D:8      | Found an ancient bone altar of Kikubaaqudgha.
  8535 | D:9      | Noticed a troll
  8542 | D:9      | Killed a troll
  8543 | D:9      | Reached skill level 6 in Shields
  8543 | D:9      | Reached XP level 10. HP: 56/91 MP: 9/9
  9336 | D:10     | Entered Level 10 of the Dungeon
  9337 | D:10     | Noticed tatocazan's ghost (novice MiFi)
  9342 | D:10     | Found a runed translucent door.
  9394 | D:10     | Found a staircase to the Lair.
  9394 | D:10     | Noticed an elephant
  9410 | D:10     | Killed an elephant
  9645 | D:10     | Identified the +5 ring mail of Toribiss {Will+ Str+4}
  9767 | D:10     | Reached skill level 10 in Fighting
  9778 | D:10     | Reached skill level 7 in Shields
  9786 | D:10     | Noticed Harold
  9804 | D:10     | Killed Harold
  9805 | D:10     | Reached skill level 10 in Axes
  9809 | D:10     | Reached *** piety under Dithmenos
 10158 | D:10     | Noticed a two-headed ogre
 10175 | D:10     | Killed a two-headed ogre
 10176 | D:10     | Reached XP level 11. HP: 68/101 MP: 10/10
 10537 | D:10     | Found a staircase to the Orcish Mines.
 10805 | D:10     | Found Daeniown's Jewellery Shop.
 10811 | D:10     | Bought the amulet of Werhocext {Regen+ SInv} for 535 gold
                  | pieces
 11127 | D:11     | Reached skill level 8 in Shields
 11235 | D:11     | Noticed a two-headed ogre
 11238 | D:11     | Killed a two-headed ogre
 11432 | D:11     | Found Akhleofy's Magic Scroll Emporium.
 11440 | D:11     | Bought a scroll of identify for 26 gold pieces
 11440 | D:11     | Bought a scroll of identify for 26 gold pieces
 11440 | D:11     | Bought a scroll of identify for 26 gold pieces
 11794 | Lair:1   | Entered Level 1 of the Lair of Beasts
 11794 | Lair:1   | Noticed a seven-headed hydra
 11803 | Lair:1   | Killed a three-headed hydra
 11853 | Lair:1   | Reached **** piety under Dithmenos
 11980 | Lair:1   | Reached skill level 9 in Shields
 12187 | Lair:1   | Reached XP level 12. HP: 112/112 MP: 11/11
 12380 | Lair:2   | Noticed Gastronok
 12391 | Lair:2   | Killed Gastronok
 12556 | Lair:2   | Found a basalt altar of Yredelemnul.
 12561 | Lair:2   | Found a staircase to the Shoals.
 12660 | Lair:2   | Reached skill level 10 in Armour
 12666 | Lair:2   | Found a dark tunnel.
 12677 | Volcano  | Entered a volcano
 12815 | Volcano  | Reached skill level 10 in Slings
 12815 | Volcano  | Reached skill level 10 in Shields
 13402 | Lair:3   | Noticed a five-headed hydra
 13410 | Lair:3   | Noticed a five-headed hydra
 13413 | Lair:3   | Killed a two-headed hydra
 13487 | Lair:2   | Killed a three-headed hydra
 13512 | Lair:3   | Noticed a catoblepas
 13520 | Lair:3   | Killed a catoblepas
 13754 | Lair:3   | Reached ***** piety under Dithmenos
 13827 | Lair:3   | Identified the +6 great sword of Qogruh {venom, Str+4 Dex-2
                  | SInv Stlth+}
 13836 | Lair:3   | Reached skill level 11 in Shields
 13845 | Lair:3   | Reached XP level 13. HP: 122/122 MP: 12/12
 14199 | Lair:4   | Found a hole to the Spider Nest.
 15068 | Lair:5   | Reached ****** piety under Dithmenos
 15120 | Lair:5   | Reached skill level 12 in Shields
 15808 | Lair:6   | Entered Level 6 of the Lair of Beasts
 15832 | Lair:6   | Found a runed translucent door.
 15832 | Lair:6   | Found a viscous altar of Jiyva.
 15833 | Lair:6   | Noticed an azure jelly
 15991 | Lair:6   | Reached XP level 14. HP: 132/132 MP: 13/13
 16357 | Lair:6   | Found a staircase to the Slime Pits.
 16660 | Lair:6   | Reached skill level 13 in Shields
 16674 | Lair:6   | Found a large runed translucent door.
 16675 | Lair:6   | Found a large runed translucent door.
 17342 | D:12     | Acquired a manual of Shields
 17654 | D:12     | Reached skill level 1 in Invocations
 17776 | D:12     | Reached skill level 15 in Fighting
 17828 | D:12     | Found a portal to a secret trove of treasure.
 18398 | Orc:1    | Entered Level 1 of the Orcish Mines
 18571 | Orc:2    | Entered Level 2 of the Orcish Mines
 18590 | Orc:1    | You fall into a shaft and drop 1 floor!
 18745 | Orc:1    | Found Wyun's Weapon Shoppe.
 18788 | Orc:1    | Found a shimmering altar of Xom.
 18931 | Orc:2    | Noticed Snorg
 18939 | Orc:2    | Killed Snorg
 18940 | Orc:2    | Reached skill level 15 in Axes
 19073 | Orc:2    | Noticed Erolcha
 19078 | Orc:2    | Killed Erolcha
 19079 | Orc:2    | Reached skill level 14 in Shields
 19082 | Orc:2    | Noticed Urug
 19091 | Orc:2    | Killed Urug
 19143 | Orc:2    | Found Zigh's General Store.
 19322 | Orc:2    | Found Kosamid's Magic Scroll Shoppe.
 19501 | Orc:2    | Found Typpurif's Antique Weapon Shoppe.
 19504 | Orc:2    | Found Fuinwir's Antique Armour Boutique.
 19573 | Orc:2    | Found a staircase to the Elven Halls.
 20064 | Orc:2    | Bought a runed scarf for 296 gold pieces
 20064 | Orc:2    | Bought a pair of runed boots for 277 gold pieces
 20136 | Orc:2    | Bought a scroll of blinking for 127 gold pieces
 20136 | Orc:2    | Bought 3 scrolls of teleportation for 153 gold pieces
 20136 | Orc:2    | Bought a scroll of fear for 59 gold pieces
 20136 | Orc:2    | Bought a scroll of enchant armour for 127 gold pieces
 20154 | Orc:2    | Bought a potion of berserk rage for 60 gold pieces
 20154 | Orc:2    | Bought a potion of might for 48 gold pieces
 20333 | D:11     | Bought a scroll of enchant armour for 97 gold pieces
 20333 | D:11     | Bought a scroll of magic mapping for 45 gold pieces
 20333 | D:11     | Bought a scroll of immolation for 45 gold pieces
 20635 | D:13     | Reached XP level 15. HP: 121/141 MP: 16/16
 20741 | D:13     | Reached skill level 15 in Shields
 21004 | D:13     | Identified the +7 hunting sling of Vadiviwo {venom, rN++}
 21010 | D:13     | Identified the +5 war axe of Cuiq {vorpal, Dex+6}
 21186 | D:13     | Reached skill level 5 in Invocations
 21270 | D:13     | Found a gate to the Vaults.
 21580 | D:14     | Reached skill level 16 in Shields
 21884 | D:14     | Noticed Azrael
 21893 | D:14     | Killed Azrael
 22328 | D:15     | Entered Level 15 of the Dungeon
 22448 | D:15     | Reached skill level 15 in Armour
 22495 | D:14     | Reached XP level 16. HP: 138/152 MP: 19/19
 22875 | D:15     | Noticed Jorgrun
 22881 | D:15     | Killed Jorgrun
 22882 | D:15     | Reached skill level 17 in Shields
 23125 | D:15     | Found a staircase to the Depths.
 23547 | D:10     | Bought a ring of poison resistance for 260 gold pieces
 23670 | Spider:1 | Entered Level 1 of the Spider Nest
 24099 | Spider:1 | Reached skill level 18 in Shields
 25723 | Spider:3 | Reached XP level 17. HP: 157/163 MP: 22/22
 26081 | Spider:4 | Entered Level 4 of the Spider Nest
 26081 | Spider:4 | Noticed Kirke
 26085 | Spider:4 | Killed Kirke
 26102 | Spider:4 | Reached skill level 19 in Shields
 27123 | Spider:4 | Noticed Arachne
 27141 | Spider:4 | Killed Arachne
 27653 | Spider:4 | Got a gossamer rune of Zot
 28052 | D:10     | Bought a ring of willpower for 325 gold pieces
 28143 | Shoals:1 | Entered Level 1 of the Shoals
 28566 | Shoals:1 | Reached skill level 10 in Invocations
 28772 | Shoals:1 | Reached skill level 20 in Shields
 29436 | Shoals:1 | Noticed Roxanne
 29678 | Shoals:2 | Noticed Ilsuiw
 30312 | Shoals:2 | Reached XP level 18. HP: 162/173 MP: 24/24
 31379 | Shoals:2 | Cast into level 2 of the Abyss (merfolk impaler)
 31514 | Abyss:2  | Noticed a lich
 31526 | Abyss:2  | Killed a lich
 31652 | Abyss:2  | Paralysed by you for 7 turns
 32127 | Shoals:2 | Escaped the Abyss
 32466 | Shoals:2 | HP: 7/176 [merfolk (10)]
 33099 | Shoals:2 | Killed Ilsuiw
 34048 | Shoals:3 | HP: 3/176 [poisoned by a merfolk impaler]
 34048 | Shoals:3 | Annihilated by a merfolk impaler

Illustrated notes

Levels and vault maps discovered:
D:1:      minmay_arrival_glassed_features, layout_loops_ring
D:2:      layout_basic, grunt_ministairs_8
D:3:      layout_basic, ebering_ghost_sewer_d,
          hellmonk_ecumenical_altar_lost_god, minmay_divided_ellipse,
          uniq_jessica, uniq_crazy_yiuf_cottage, uniq_robin
D:4:      layout_basic, minmay_temple_entry_poolview
D:5:      layout_gridville, lemuel_doored_altar, ashenzari_conservatory_becter
D:6:      layout_cave_pools, dk_xom_monty_hall, mainiacjoe_overflow_catwalk,
          ebering_ghost_disaster_area
D:7:      layout_basic, mainiacjoe_overflow_brackets, uniq_maggie
D:8:      layout_cave_pods, mainiacjoe_overflow_small_starburst,
          kennysheep_potato
D:9:      layout_basic
D:10:     layout_loops_ring, david_lair_generic, david_orc_4, serial_shops,
          nicolae_diamond_shop, hellmonk_ghost_big_iron,
          kennysheep_generic_room_13, uniq_harold
D:11:     layout_cave_pods, serial_shops, shop_scrolls
D:12:     layout_gridville, nicolae_trove_entry_path_of_doom
D:13:     minmay_the_grid_triangle_9x9_recursive_3_mashed
          [minmay_the_grid_triangle_9x9_from_above,
          minmay_the_grid_triangle_9x9_minimal,
          minmay_the_grid_triangle_9x9_impossible_snake,
          minmay_the_grid_triangle_9x9_prize_center,
          minmay_the_grid_triangle_9x9_alien,
          minmay_the_grid_triangle_9x9_dagger,
          minmay_the_grid_triangle_9x9_empty,
          minmay_the_grid_triangle_9x9_negative_grid,
          minmay_the_grid_triangle_9x9_windchime], layout_loops_ring,
          grunt_vaults_entry_fortified
D:14:     minmay_connected_triangles_in_corner, layout_irregular_city,
          serial_column_ruins, column_ruins_circle_large,
          column_ruins_courtyard_long, column_ruins_grid_1,
          column_ruins_open_tiny, column_ruins_grid_2,
          column_ruins_corridor_straight, column_ruins_open_medium,
          column_ruins_columns_dead_end, column_ruins_columns_T, uniq_azrael
D:15:     hangedman_depths_entry_try_elsewhere_first, layout_gridville,
          hangedman_abyss_or_decor_passed, corexii_leaking_fountain,
          moated_statue, due_unseen_surprise, uniq_jorgrun
Temple:   eino_temple_scatter_basement
Lair:1:   layout_misc_corridors, infiniplex_staircase_pool
Lair:2:   layout_hall_layers, minmay_shoals_entry_centaurs, enter_volcano_1,
          basic_altar, uniq_gastronok
Lair:3:   layout_misc_corridors, special_room [special_room_bee]
Lair:4:   layout_regular_city, dummy_spider_entry, beast_lair_carwin_3,
          serial_bayou_shore_a, infiniplex_staircase_pool_2
Lair:5:   layout_regular_city, st_stairs_3, grunt_megastairs_5
Lair:6:   cheibrodos_lair_end_hotspot, layout_regular_city, slime_altar_2,
          lemuel_fruit_tree
Shoals:1: layout_shoals, nicolae_shoals_pincushion_passage, uniq_roxanne
Shoals:2: layout_shoals, uniq_ilsuiw
Shoals:3: cheibrodos_shoals_epimethial_gifts, layout_shoals, uniq_polyphemus,
          uniq_nikola
Spider:1: layout_spider_delve, guppyfry_spider_mini_1
Spider:2: layout_spider_delve
Spider:3: layout_spider_delve, nicolae_spider_cling_ruins
Spider:4: guppyfry_spider_rune, uniq_arachne, uniq_kirke
Orc:1:    layout_caves, serial_shops, shop, basic_altar
Orc:2:    st_orc_town, layout_diamond_mine, basic_altar, mines1_david,
          uniq_urug, uniq_snorg, uniq_erolcha

Skill      XL: |  1  2  3  4  5  6  7  8  9 10 11 12 13 14 15 16 17 18 |
---------------+-------------------------------------------------------+-----
Dodging        | 1 2 3 4 5 6 |  6.0
Fighting       | 4 5 6 7 8 9 10 11 13 14 15 16 17 18 19 | 19.4
Axes           | 3 4 5 6 7 9 10 11 12 14 15 16 17 18 | 18.0
Slings         | 1 3 5 6 8 9 10 12 | 12.0
Armour         | 4 6 7 9 11 12 13 15 16 17 18 | 18.2
Shields        | 4 6 7 9 11 12 14 16 18 20 | 20.7
Invocations    | 3 6 8 10 11 | 11.2

Action                   |  1- 3 |  4- 6 |  7- 9 | 10-12 | 13-15 | 16-18 || total
-------------------------+-------+-------+-------+-------+-------+-------++-------
Melee: War axe           |    80 |   134 |   246 |   459 |   520 |     6 ||  1445
       Headbutt          |     8 |    21 |    53 |    95 |   317 |   340 ||   834
       Broad axe         |       |       |       |       |   450 |  1196 ||  1646
 Fire: Hunting sling     |       |       |    12 |    14 |       |   185 ||   211
  Use: Potion            |       |     1 |       |       |       |     7 ||     8
       Scroll            |       |     8 |       |     9 |    12 |     5 ||    34
 Stab: Distracted        |       |       |       |       |     1 |     1 ||     2
       Held in net/web   |       |       |       |       |       |     3 ||     3
Armor: Scale mail        |    22 |    55 |   101 |       |       |       ||   178
       Acid dragon scale |       |       |    36 |    36 |       |       ||    72
       Ring mail         |       |       |       |   207 |   404 |   876 ||  1487
       Plate armour      |       |       |       |     2 |    32 |       ||    34
Dodge: Dodged            |    32 |    43 |   137 |   255 |   525 |   784 ||  1776
Block: Buckler           |    11 |    21 |    59 |   131 |   192 |       ||   414
       Kite shield       |       |       |       |       |   184 |  1398 ||  1582
       Reflection        |       |       |       |       |       |    49 ||    49

Table legend: (Time is in decaauts)
 A = Elapsed time spent in this place.
 B = Non-inter-level travel time spent in this place.
 C = Inter-level travel time spent in this place.
 D = Time resting spent in this place.
 E = Time spent auto-exploring this place.
 F = Levels seen in this place.
 G = Mean time per level.
                   A        B        C        D        E       F      G
               +--------+--------+--------+--------+--------+-----+--------+
         Total |  33876 |  32067 |   1809 |   7173 |  16114 |  33 | 1026.5 |
       Dungeon |  16113 |  15140 |    973 |   2877 |   8764 |  15 | 1074.2 |
        Temple |    241 |    232 |      9 |      0 |    130 |   1 |  241.0 |
          Lair |   5792 |   5354 |    438 |    621 |   3173 |   6 |  965.3 |
        Shoals |   4983 |   4919 |     64 |   2336 |   1491 |   3 | 1661.0 |
   Spider Nest |   3994 |   3864 |    130 |    925 |   1837 |   4 |  998.5 |
  Orcish Mines |   1816 |   1623 |    193 |     90 |    717 |   2 |  908.0 |
         Abyss |    700 |    700 |      0 |    323 |      0 |   1 |  700.0 |
       Volcano |    233 |    233 |      0 |      0 |      0 |   1 |  233.0 |
               +--------+--------+--------+--------+--------+-----+--------+

Top non-repeatable levels by time:
Shoals:1: 2892 daAuts
     D:3: 1803 daAuts
Shoals:2: 1665 daAuts
    D:10: 1642 daAuts
     D:6: 1469 daAuts
   Orc:2: 1348 daAuts
  Lair:6: 1339 daAuts
Spider:3: 1212 daAuts
  Lair:2: 1206 daAuts
     D:5: 1199 daAuts
    D:13: 1197 daAuts
Spider:4: 1185 daAuts
  Lair:4: 1063 daAuts
     D:9: 1058 daAuts
    D:11: 1043 daAuts
